 Dungeon Sprint DCSS version 0.22-a0-538-g76cc104 (webtiles) character file.

259 raistware the Destroyer (level 5, 0/28 HPs)
             Began as a Deep Elf Conjurer on June 23, 2018.
             Slain by a slime creature (1 damage)
             ... in the Dungeon (Sprint I: "Red Sonja").
             The game lasted 00:03:33 (558 turns).

raistware the Destroyer (Deep Elf Conjurer)          Turns: 558, Time: 00:03:33

Health: 0/28       AC:  2    Str:  5    XL:     5   Next: 95%
Magic:  12/19      EV: 15    Int: 21    God:
Gold:   162        SH:  0    Dex: 15    Spells: 6/24 levels left

rFire    . . .     SeeInvis .   (no weapon)
rCold    . . .     Gourm    .   (no shield)
rNeg     . . .     Faith    .   a - +0 robe
rPois    .         Spirit   .   (no helmet)
rElec    .         Reflect  .   (no cloak)
rCorr    .         Harm     .   (no gloves)
MR       .....     NoTele   +   (no boots)
Stlth    ++........             (no amulet)
HPRegen  0.09/turn              (no ring)
MPRegen  0.16/turn              (no ring)

@: no status effects
A: no striking features
a: no special abilities


You were in the Dungeon.
You were not hungry.

You visited 1 branch You collected 162 gold pieces.

Inventory:

Armour
 a - a +0 robe (worn)
Scrolls
 i - a scroll of blinking
Potions
 d - a potion of curing
 e - a potion of heal wounds
 f - a potion of haste
 g - 2 potions of magic
Comestibles
 c - a ration


   Skills:
 + Level 5.3 Dodging
 - Level 2.4 Stealth
 + Level 10.4 Spellcasting
 * Level 10.4 Conjurations
 + Level 0.0 Hexes


You had 6 spell levels left.
You knew the following spells:

 Your Spells              Type           Power        Failure   Level  Hunger
a - Magic Dart            Conj           ####         1%          1    None
b - Searing Ray           Conj           ######       1%          2    None
c - Iskenderun's Mystic   Conj           ######..     1%          4    ##.....
d - Dazzling Spray        Conj/Hex       ####..       2%          3    None
e - Force Lance           Conj/Tloc      ####....     7%          4    ##.....
f - Fulminant Prism       Conj/Hex       ####......   7%          4    ##.....

Your spell library contained the following spells:

 Spells                   Type           Power        Failure   Level  Hunger


Dungeon Overview and Level Annotations

Branches:
Dungeon (1/1)

Altars:
Makhleb
Xom
Jiyva
Lugonu


Message History

The slime creature is severely wounded.
The slime creature misses you.
Casting: Magic Dart (safe; 1% risk of failure)
Confirm with . or Enter, or press ? or * to list all spells.
Aiming: Magic Dart (safe; 1% risk of failure)
Press: ? - help, Shift-Dir - straight line, f/p - slime creature
Aim: a slime creature (severely wounded)
The magic dart hits the slime creature.
The slime creature is severely wounded.
The slime creature hits you!
* * * LOW HITPOINT WARNING * * *
Casting: Magic Dart (safe; 1% risk of failure)
Confirm with . or Enter, or press ? or * to list all spells.
Aiming: Magic Dart (safe; 1% risk of failure)
Press: ? - help, Shift-Dir - straight line, f/p - slime creature
Aim: a slime creature (severely wounded)
The magic dart hits the slime creature.
The slime creature is severely wounded.
The slime creature hits you.
You die...

################ ##
#<.#..'..#..'..#__#
#..[.)#..').#.@J^.+
#..#####'#####+#__#
#..# #..# ## #..#
#### #..# #⌠⌠# ####


You could see a slime creature.

Vanquished Creatures
  Sigmund (D)
  An ogre (D)
  Ijyb (D)
3 creatures vanquished.

Vanquished Creatures (others)
  A gargoyle (D)
1 creature vanquished.

Grand Total: 4 creatures vanquished

Notes
Turn   | Place    | Note
-------+----------+-------------------------------------------
     0 | D        | raistware the Deep Elf Conjurer began the quest for the Orb.
     0 | D        | Reached XP level 1. HP: 10/10 MP: 6/6
     3 | D        | Noticed Ijyb
    17 | D        | Killed Ijyb
    17 | D        | Reached skill level 5 in Spellcasting
    17 | D        | Reached XP level 2. HP: 15/15 MP: 5/10
    46 | D        | Learned a level 2 spell: Searing Ray
    48 | D        | Noticed an ogre
    58 | D        | Killed an ogre
    58 | D        | Reached XP level 3. HP: 2/19 MP: 2/15
    58 | D        | Reached XP level 4. HP: 3/24 MP: 2/17
   319 | D        | Noticed Sigmund
   323 | D        | Killed Sigmund
   323 | D        | Reached skill level 5 in Dodging
   323 | D        | Reached skill level 10 in Spellcasting
   323 | D        | Reached skill level 10 in Conjurations
   323 | D        | Reached XP level 5. HP: 8/28 MP: 13/19
   333 | D        | Learned a level 4 spell: Iskenderun's Mystic Blast
   337 | D        | Learned a level 3 spell: Dazzling Spray
   342 | D        | Learned a level 4 spell: Force Lance
   347 | D        | Learned a level 4 spell: Fulminant Prism
   551 | D        | Found a burning altar of Makhleb.
   551 | D        | Found a viscous altar of Jiyva.
   551 | D        | Found a shimmering altar of Xom.
   551 | D        | Found a corrupted altar of Lugonu.
   551 | D        | Noticed a slime creature
   553 | D        | Killed a gargoyle
   557 | D        | HP: 1/28 [slime creature (12)]
   558 | D        | Slain by a slime creature

Vault maps used:
D:        dungeon_sprint_1

Skill      XL: |  1  2  3  4 |
---------------+-------------+-----
Spellcasting   | 5 9 10 | 10.4
Conjurations   | 6 8 10 | 10.4
Dodging        | 5 |  5.3
Stealth        | |  2.4

Action                   |  1- 3 |  4- 6 || total
-------------------------+-------+-------++-------
Melee: Unarmed           |    12 |       ||    12
 Cast: Magic Dart        |     3 |     3 ||     6
       Searing Ray       |     1 |     3 ||     4
  Use: Potion            |     1 |       ||     1
Dodge: Dodged            |     7 |     1 ||     8

Table legend:
 A = Spawn XP
 B = Non-spawn XP
 C = Spawn XP percentage of total XP
 D = Spawn monster count
 E = Non-spawn monster count
 F = Spawn count percentage of total count
 G = Total turns spent on level
                    A         B        C        D         E        F      G
               +---------+---------+-------+---------+---------+-------+---------
         Total |       0 |     371 |   0.0 |       0 |       3 |   0.0 |   558
               +---------+---------+-------+---------+---------+-------+---------
             D |       0 |     371 |   0.0 |       0 |       3 |   0.0 |   558
               +---------+---------+-------+---------+---------+-------+---------
